 Dungeon Crawl Stone Soup version 0.26-a0-474-gfaca0e1de5 (webtiles) character file.

Game seed: 394987287818375411

18 Infinimo the Skirmisher (level 2, -1/24 HPs)
             Began as a Demonspawn Fighter on July 31, 2020.
             Slain by a gnoll (7 damage)
             ... on level 2 of the Dungeon.
             The game lasted 00:00:48 (1160 turns).

Infinimo the Skirmisher (Demonspawn Fighter)        Turns: 1160, Time: 00:00:49

Health: -1/24      AC:  6    Str: 16    XL:     2   Next: 48%
Magic:  2/2        EV:  6    Int:  9    God:
Gold:   28         SH:  8    Dex: 12    Spells: 1/1 levels left

rFire    . . .     SeeInvis .   a - +0 long sword
rCold    . . .     Faith    .   c - +0 kite shield
rNeg     . . .     Spirit   .   b - +0 scale mail
rPois    .         Reflect  .   (no helmet)
rElec    .         Harm     .   (no cloak)
rCorr    .                      (no gloves)
MR       .....                  (no boots)
Stlth    ..........             (no amulet)
HPRegen  0.08/turn              (no ring)
MPRegen  0.08/turn              (no ring)

@: no status effects
A: claws 1
a: no special abilities


You were on level 2 of the Dungeon.
You visited 1 branch of the dungeon, and saw 2 of its levels.

You collected 28 gold pieces.

Inventory:

Hand Weapons
 a - a +0 long sword (weapon)
Armour
 b - a +0 scale mail (worn)
 c - a +0 kite shield (worn)
Jewellery
 f - an uncursed ring of see invisible {unknown}
Scrolls
 g - 2 scrolls of identify {unknown}
 h - 2 scrolls of remove curse {unknown}
 i - a scroll of enchant armour {unknown}
Potions
 d - a potion of might
 e - a potion of heal wounds {unknown}
 j - a potion of mutation {unknown}
 k - a potion of flight {unknown}


   Skills:
 + Level 3.1 Fighting
 - Level 2.2 Long Blades
 + Level 2.8 Armour
 + Level 2.8 Shields
 * Level 0.2 Unarmed Combat


You had one spell level left.
You didn't know any spells.
Your spell library was empty.

Dungeon Overview and Level Annotations

Branches:
Dungeon (2/15)

Altars:


Innate Abilities, Weirdness & Mutations

You have sharp fingernails.


Message History

You are too injured to fight recklessly!
You are too injured to fight recklessly!
You are too injured to fight recklessly!
You are too injured to fight recklessly!
You are too injured to fight recklessly!
You are too injured to fight recklessly!
You are too injured to fight recklessly!
The gnoll hits you. You block the giant cockroach's attack.
The giant cockroach is heavily wounded.
You block the giant cockroach's attack. The gnoll hits you.
* * * LOW HITPOINT WARNING * * *
The giant cockroach is heavily wounded.
You block the gnoll's attack.
You kill the giant cockroach!
You see here a giant cockroach corpse.
The gnoll is severely wounded.
Your shield and scale mail prevent you from hitting the gnoll.
The gnoll is severely wounded.
The gnoll hits you!
You die...

#.#### ..###....#####
.............#
#....###.# ##.#...#.# #
#.#.#.#.# ######.#
#.#.#<#.#
#......####.#.###.#.#.##
...............g@.......
#.#########.######..#..#
g.<......†....# .#
#############.# # . ...
## .## . .. .. .. ...
..#


You could see a gnoll.

Vanquished Creatures
  A dart slug (D:1)
  3 bats (D:1)
  2 giant cockroaches
  A goblin (D:1)
  2 hobgoblins (D:1)
  2 jackals (D:1)
  2 kobolds
13 creatures vanquished.

Notes
Turn   | Place    | Note
-------+----------+-------------------------------------------
     0 | D:1      | Infinimo the Demonspawn Fighter began the quest for the
                  | Orb.
     0 | D:1      | Reached XP level 1. HP: 18/18 MP: 1/1
   226 | D:1      | Gained mutation: You have sharp fingernails. [demonic
                  | ancestry]
   226 | D:1      | Reached XP level 2. HP: 24/24 MP: 2/2
   391 | D:1      | You fall into a shaft and drop 1 floor!
  1160 | D:2      | Slain by a gnoll

Illustrated notes

Levels and vault maps discovered:
D:1:      elethiomel_arrival_shortcut, layout_loops_corners, hex_tiny
D:2:      layout_basic, nicolae_overflow_hidden_temple

Skill      XL: |  1 |
---------------+----+-----
Long Blades    | 2 |  2.2
Fighting       | |  3.1
Armour         | |  2.8
Shields        | |  2.8
Unarmed Combat | |  0.2

Action                   || total
-------------------------++-------
Melee: Long sword        ||    57
Armor: Scale mail        ||    29
Dodge: Dodged            ||    15
Block: Kite shield       ||    45
       Rpst.: Long sword ||     6

Table legend: (Time is in decaauts)
 A = Elapsed time spent in this place.
 B = Non-inter-level travel time spent in this place.
 C = Inter-level travel time spent in this place.
 D = Time resting spent in this place.
 E = Time spent auto-exploring this place.
 F = Levels seen in this place.
 G = Mean time per level.
                   A        B        C        D        E       F      G
               +--------+--------+--------+--------+--------+-----+--------+
         Total |   1183 |   1147 |     36 |      0 |    963 |   2 |  591.5 |
       Dungeon |   1183 |   1147 |     36 |      0 |    963 |   2 |  591.5 |
               +--------+--------+--------+--------+--------+-----+--------+

Top non-repeatable levels by time:
     D:1: 971 daAuts
     D:2: 211 daAuts
